 Dungeon Sprint DCSS version 0.30.1-11-g7821555f0a (webtiles) character file.

Game seed: 12165163013846008292

11949 Heoruswealwe the Phalangite (level 11, -5/118 HPs)
             Began as a Minotaur Fighter on Nov 8, 2023.
             Was an Initiate of Gozag.
             Slain by a sun demon (16 damage)
             ... summoned by an orc high priest
             ... in the Dungeon (Sprint IX: "|||||||||||||||||||||||||||||").
             The game lasted 00:10:30 (1816 turns).

Heoruswealwe the Phalangite (Minotaur Fighter)      Turns: 1816, Time: 00:10:32

Health: -5/118     AC: 21    Str: 28    XL:     11   Next: 56%
Magic:  10/10      EV: 10    Int:  5    God:    Gozag
Gold:   7211       SH:  0    Dex: 10    Spells: 10/10 levels left

rFire   . . .        b - +0 bardiche
rCold   . . .        (shield currently unavailable)
rNeg    . . .        c - +0 plate armour
rPois   .            (helmet restricted)
rElec   .            h - +0 cloak
rCorr   .            f - +0 pair of gloves
SInv    .            (no boots)
Will    .....        (no amulet) Stlth
                     k - +2 ring of evasion
HPRegen 0.39/turn    j - +3 ring of strength
MPRegen 0.12/turn

%: no teleportation
@: no status effects
A: horns 2, retaliatory headbutt
a: Renounce Religion, Potion Petition, Call Merchant, Bribe Branch


You were in the Dungeon.
You worshipped Gozag.
Gozag was greatly pleased with you.
You visited 1 branch You collected 7211 gold pieces.

Inventory:

Hand Weapons
 a - a +0 trident
 b - a +0 bardiche (weapon)
Armour
 c - a +0 plate armour (worn)
 d - a +0 buckler
 f - a +0 pair of gloves (worn)
 h - a +0 cloak (worn)
Jewellery
 j - a +3 ring of strength (right hand)
 k - a +2 ring of evasion (left hand)
Wands
 e - a wand of iceblast (10)
Scrolls
 n - 2 scrolls of blinking
 p - 4 scrolls of enchant weapon
 q - a scroll of identify
Potions
 g - a potion of haste
 i - a potion of berserk rage
 l - 3 potions of curing
 m - a potion of might
 o - a potion of mutation


   Skills:
 + Level 17.6 Fighting
 * Level 23.7 Polearms
 + Level 17.6 Armour
 - Level 3.6 Shields


You had 10 spell levels left.
You didn't know any spells.
Your spell library was empty.

Dungeon Overview and Level Annotations

Branches:
Dungeon (1/1)

Altars:
Cheibriados
Dithmenos
Elyvilon
Fedhas
Gozag
Hepliaklqana
Kikubaaqudgha
Makhleb
Nemelex Xobeh
Okawaru
Qazlal
Ru
Sif Muna
Trog
Uskayaw
Vehumet
Wu Jian
Xom
Yredelemnul
Zin
The Shining One
Jiyva
Lugonu

Shops:
D (


Innate Abilities, Weirdness & Mutations

You have a pair of horns on your head.
You reflexively headbutt those who attack you in melee.


Message History

The orc knight goes into a battle-frenzy!
The orc high priest mumbles some strange prayers to Beogh.
The smoke demon hits you but does no damage. x3
The orc high priest shouts!
You cut the smoke demon into ribbons!!!
You kill the smoke demon!
The smoke demon disappears in a puff of smoke!
The orc high priest shouts, "You must be punished!"
The orc high priest says, "Oblivion to the unbeliever."
The orc high priest prays to Beogh. x2
You hear a shout!
You slash the sun demon! Your headbutt misses the sun demon.
The sun demon is moderately wounded.
You closely miss the sun demon.
The sun demon is moderately wounded.
The orc high priest hits you from afar with a +0 glaive!
The sun demon hits you.
You are engulfed in flames!!
The orc high priest prays.
The orc high priest utters an invocation to Beogh.
You hit the sun demon but do no damage.
The sun demon is moderately wounded.
The sun demon closely misses you.
The orc high priest utters an invocation to Beogh.
The orc high priest hits you from afar with a +0 glaive!!
You barely miss the sun demon. Your headbutt misses the sun demon.
The sun demon is lightly wounded.
The sun demon hits you!
You are engulfed in flames!
* * * LOW HITPOINT WARNING * * *
The orc high priest mumbles some strange prayers to Beogh against you.
Beogh smites you!
* * * LOW HITPOINT WARNING * * *
The orc high priest hits you from afar with a +0 glaive.
* * * LOW HITPOINT WARNING * * *
You slash the sun demon!
The sun demon is heavily wounded.
The sun demon hits you!
* * * LOW HITPOINT WARNING * * *
You are engulfed in flames!
You die...
Your body crumbles into a pile of gold.

▓[▓.▓.▓.▓$*,*,*,*,*,*,*,*,
▓.▓.▓.▓.▓o▓,*,*,*,*,*,*,*,
▓.▓.▓.▓.▓o▓,*,*,*+*,*,*,*,
▓)▓.▓.▓.▓o▓,*,*,*,*,*,*,*,
▓?▓.▓.▓.▓o▓,*,*,*,*,*,*,*,
▓!▓.▓.▓.▓o▓,*+*,*,*,*,*,*,
▓'▓.▓'▓.▓o▓,*,*,*,*,*,*,*,
▓_▓.▓.▓.▓3▓,*,*,*,*,*,*,*,
▓_▓.▓.▓.▓@▓,*,*,*,*,*,*,*,
▓_▓.▓.▓.▓.▓,*,*,*,*,*,*,*,
▓_▓.▓.▓.▓.▓,*,*,*,*,*,*,*,
▓_▓.▓.▓.▓.▓,*,*,*,*,*+*,*,
▓_▓.▓.▓.▓)▓,*,*,*+*,*,*,*,
▓_▓.▓.▓.▓.▓,*,*,*,*,*,*,*,
▓_▓.▓.▓.▓)▓,*,*,*,*,*,*,*,
▓_▓.▓.▓.▓.▓,*,*,*,*,*,*,*,
▓_▓.▓'▓.▓)▓,*,*,*,*,*,*,*,


You could see 2 orc knights, 4 orc high priests and a sun demon (summoned).

Vanquished Creatures
  2 dire elephants (D)
  2 boulder beetles (D)
  A death yak (D)
  2 orc knights (D)
  2 deep elf pyromancers (D)
  A cyclops (D)
  6 elephants (D)
  A gargoyle (D)
  A cane toad (D)
  A rime drake (D)
  4 komodo dragons (D)
  A polar bear (D)
  A blink frog (D)
  2 yaks (D)
  A shadow (D)
  A wyvern (D)
  A steam dragon (D)
  3 water moccasins (D)
  8 orc warriors (D)
  An ogre (D)
  A wolf (D)
  2 bullfrogs (D)
  A scorpion (D)
  A killer bee (D)
  A howler monkey (D)
  A jelly (D)
  7 orc priests (D)
  3 orc wizards (D)
  A hell rat (D)
  An adder (D)
  7 orcs (D)
  A ball python (D)
  An endoplasm (D)
  A goblin (D)
  2 quokkas (D)
73 creatures vanquished.

Notes
Turn   | Place    | Note
-------+----------+-------------------------------------------
     0 | D        | Heoruswealwe the Minotaur Fighter began the quest for the
                  | Orb.
     0 | D        | Reached XP level 1. HP: 19/19 MP: 0/0
     8 | D        | Reached skill level 3 in Polearms
    17 | D        | Reached skill level 4 in Polearms
    23 | D        | Noticed an ogre
    23 | D        | Noticed a jelly
    23 | D        | Noticed a scorpion
    28 | D        | Killed a scorpion
    29 | D        | Reached skill level 5 in Fighting
    29 | D        | Reached skill level 6 in Polearms
    29 | D        | Reached skill level 5 in Armour
    29 | D        | Reached XP level 2. HP: 25/30 MP: 1/1
    29 | D        | Reached XP level 3. HP: 31/37 MP: 2/2
    36 | D        | Reached skill level 7 in Polearms
    36 | D        | Reached XP level 4. HP: 37/44 MP: 3/3
    38 | D        | Reached skill level 8 in Polearms
    43 | D        | Killed an ogre
    44 | D        | Reached skill level 9 in Polearms
    44 | D        | Reached XP level 5. HP: 44/52 MP: 4/4
    52 | D        | Found a snail-covered altar of Cheibriados.
    52 | D        | Found a shadowy altar of Dithmenos.
    52 | D        | Found a white marble altar of Elyvilon.
    52 | D        | Found a blossoming altar of Fedhas.
    52 | D        | Found an opulent altar of Gozag.
    53 | D        | Found a hazy altar of Hepliaklqana.
    54 | D        | Found a viscous altar of Jiyva.
    55 | D        | Found an ancient bone altar of Kikubaaqudgha.
    56 | D        | Found a corrupted altar of Lugonu.
    57 | D        | Found a burning altar of Makhleb.
    58 | D        | Found a sparkling altar of Nemelex Xobeh.
    59 | D        | Found an iron altar of Okawaru.
    60 | D        | Became a worshipper of Gozag Ym Sagoz the Greedy
    61 | D        | Found a stormy altar of Qazlal.
    62 | D        | Found a sacrificial altar of Ru.
    63 | D        | Found a shimmering blue altar of Sif Muna.
    64 | D        | Found a bloodstained altar of Trog.
    65 | D        | Found a hide-covered altar of Uskayaw.
    66 | D        | Found a radiant altar of Vehumet.
    67 | D        | Found an ornate altar of the Wu Jian Council.
    68 | D        | Found a shimmering altar of Xom.
    69 | D        | Found a basalt altar of Yredelemnul.
    70 | D        | Found a glowing silver altar of Zin.
    71 | D        | Found a glowing golden altar of the Shining One.
   107 | D        | Noticed a gargoyle
   107 | D        | Noticed a shadow
   107 | D        | Noticed a steam dragon
   107 | D        | Noticed a yak
   109 | D        | Reached skill level 10 in Polearms
   114 | D        | Killed a yak
   115 | D        | Reached skill level 12 in Polearms
   115 | D        | Reached XP level 6. HP: 63/63 MP: 5/5
   120 | D        | Killed a steam dragon
   124 | D        | Reached skill level 13 in Polearms
   124 | D        | Reached XP level 7. HP: 64/71 MP: 6/6
   127 | D        | Killed a shadow
   128 | D        | Reached skill level 10 in Fighting
   128 | D        | Reached skill level 10 in Armour
   137 | D        | Killed a gargoyle
   138 | D        | Reached skill level 14 in Polearms
   138 | D        | Reached XP level 8. HP: 40/82 MP: 7/7
   265 | D        | Noticed a boulder beetle
   265 | D        | Noticed a boulder beetle
   265 | D        | Noticed a cyclops
   265 | D        | Noticed a deep elf pyromancer
   265 | D        | Noticed a deep elf pyromancer
   270 | D        | Killed a deep elf pyromancer
   271 | D        | Reached skill level 15 in Polearms
   275 | D        | Killed a deep elf pyromancer
   276 | D        | Reached skill level 16 in Polearms
   281 | D        | Killed a boulder beetle
   282 | D        | Reached skill level 17 in Polearms
   282 | D        | Reached XP level 9. HP: 50/93 MP: 8/8
   284 | D        | Killed a cyclops
   285 | D        | Reached skill level 18 in Polearms
   291 | D        | Killed a boulder beetle
   590 | D        | Noticed a komodo dragon
   590 | D        | Noticed a komodo dragon
   594 | D        | Noticed a komodo dragon
   596 | D        | Noticed a rime drake
   598 | D        | Killed a komodo dragon
   599 | D        | Reached skill level 19 in Polearms
   610 | D        | Reached XP level 10. HP: 83/104 MP: 9/9
   626 | D        | Reached skill level 20 in Polearms
   635 | D        | Reached skill level 15 in Fighting
   635 | D        | Reached skill level 15 in Armour
   806 | D        | Noticed a death yak
   806 | D        | Noticed a cane toad
   817 | D        | Killed a death yak
   821 | D        | Killed a cane toad
   831 | D        | Reached skill level 21 in Polearms
   897 | D        | Noticed an elephant
   897 | D        | Noticed an elephant
   897 | D        | Noticed a dire elephant
   897 | D        | Noticed a dire elephant
   897 | D        | Noticed an elephant
   897 | D        | Noticed an elephant
   900 | D        | Killed an elephant
   914 | D        | Killed a dire elephant
   915 | D        | Reached XP level 11. HP: 47/115 MP: 10/10
   925 | D        | Killed a dire elephant
   926 | D        | Reached skill level 22 in Polearms
  1354 | D        | Noticed an orc knight
  1363 | D        | Killed an orc knight
  1364 | D        | Reached skill level 23 in Polearms
  1655 | D        | Noticed an orc knight
  1674 | D        | Killed an orc knight
  1808 | D        | Found Poez's Antique Weapon Boutique.
  1808 | D        | Noticed an orc high priest
  1808 | D        | Noticed an orc knight
  1808 | D        | Noticed an orc high priest
  1808 | D        | Noticed an orc knight
  1808 | D        | Noticed an orc high priest
  1810 | D        | Noticed an orc high priest
  1812 | D        | Noticed a sun demon
  1816 | D        | Slain by a sun demon

Illustrated notes

Levels and vault maps discovered:
D:        linesprint [early_d, line_temple, items_1, d_10, items_2, lair_1,
          lair_end, items_3, orc_1, orc_end, items_4, d_15, swamp_1, shoals_1,
          snake_1, spider_1, d_20, vaults_1, items_5, swamp_end, shoals_end,
          snake_end, spider_end, vaults_end, d_27, items_6, zot_1, zot_end,
          crypt_end, forest_end, elf_end, slime_end, tomb_end, abyss_end,
          pan_hell_end]

Skill      XL: |  1  2  3  4  5  6  7  8  9 10 11 |
---------------+----------------------------------+-----
Polearms       | 6 7 9 12 13 14 17 19 21 23 | 23.7
Fighting       | 5 6 7 9 11 13 14 16 17 | 17.6
Armour         | 5 6 7 9 11 13 14 16 17 | 17.6
Shields        | |  3.6

Action                     |  1- 3 |  4- 6 |  7- 9 | 10-12 || total
---------------------------+-------+-------+-------+-------++-------
  Melee: Trident           |    23 |     9 |       |       ||    32
         Headbutt          |     4 |     4 |     8 |    33 ||    49
         Halberd           |       |    16 |    55 |   134 ||   205
         Bardiche          |       |       |       |    43 ||    43
    Use: Potion            |     1 |     1 |     2 |     6 ||    10
         Scroll            |       |       |       |     1 ||     1
   Stab: Distracted        |       |     1 |     2 |     3 ||     6
 Armour: Scale mail        |     5 |     2 |    12 |    16 ||    35
         Chain mail        |       |       |       |     8 ||     8
         Plate armour      |       |       |       |     3 ||     3
  Dodge: Dodged            |    15 |    10 |    13 |    25 ||    63
  Block: Buckler           |     1 |       |       |       ||     1
